 Dungeon Crawl Stone Soup version 0.30-a0-218-gedb9141078 (webtiles) character file.

Game seed: 8608199599148372593

1276 Johnny the Sneak (level 8, -10/56 HPs)
             Began as an Octopode Ice Elementalist on Oct 5, 2022.
             Mangled by a shadow (24 damage)
             ... on level 7 of the Dungeon.
             The game lasted 00:08:17 (6615 turns).

Johnny the Sneak (Octopode Ice Elementalist)        Turns: 6615, Time: 00:08:17

Health: -10/56     AC:  1    Str:  8    XL:     8   Next: 54%
Magic:  10/14      EV: 14    Int: 25    God:
Gold:   278        SH:  0    Dex: 12    Spells: 8/15 levels left

rFire   . . .      SeeInvis .    j - +1 dagger (drain)
rCold   . . .      Faith    .    (no shield)
rNeg    . . .      Spirit   .    (helmet restricted)
rPois   .          Reflect  .    (no amulet)
rElec   .          Harm     .    i - +6 ring of intelligence
rCorr   .          Rampage  .    (no ring)
Will    .....                    (no ring)
Stlth   ++++......               (no ring)
HPRegen 0.29/turn                (no ring)
MPRegen 0.14/turn                (no ring)
                                 (no ring)
                                 (no ring)

@: about to teleport, hasted, very quick
A: almost no armour, amphibious, 8 rings, camouflage 1, gelatinous body 1,
(nimble swimmer 1), tentacles
a: no special abilities


You were on level 7 of the Dungeon.
You visited 1 branch of the dungeon, and saw 7 of its levels.

You collected 278 gold pieces.

Inventory:

Hand Weapons
 j - a +1 dagger of draining (weapon)
Missiles
 o - 3 throwing nets
Magical Staves
 p - a staff of conjuration
Jewellery
 i - a +6 ring of intelligence (left tentacle)
 l - an amulet of faith
Wands
 n - a wand of iceblast (1)
 u - a wand of charming (8)
Scrolls
 b - a scroll of amnesia
 c - 3 scrolls of poison
 d - a scroll of teleportation
 e - a scroll of enchant weapon {unknown}
 q - a scroll of magic mapping {unknown}
 t - a scroll of acquirement {unknown}
Potions
 a - a potion of magic
 f - 3 potions of haste
 g - a potion of mutation
 h - 2 potions of curing
 k - 3 potions of attraction
 m - a potion of might
 r - a potion of lignification
 s - a potion of brilliance {unknown}
 v - 2 potions of ambrosia {unknown}
 w - a potion of heal wounds {unknown}


   Skills:
 * Level 5.5 Fighting
 + Level 4.4 Dodging
 + Level 6.4 Stealth
 + Level 4.2 Spellcasting
 + Level 5.7 Ice Magic


You had 8 spell levels left.
You knew the following spells:

 Your Spells              Type           Power      Damage    Failure   Level
a - Freeze                Ice            100%       1d11      1%          1
b - Frozen Ramparts       Ice            66%        1d10      2%          3
c - Ozocubu's Armour      Ice            33%        N/A       2%          3

Your spell library contained the following spells:

 Spells                   Type           Power      Damage    Failure   Level
 Static Discharge         Conj/Air       10%        2-3/arc   14%         2
 Gell's Gravitas          Tloc           5%         N/A       26%         3
 Inner Flame              Hex/Fire       5%         N/A       26%         3
 Lesser Beckoning         Tloc           10%        N/A       26%         3
 Portal Projectile        Hex/Tloc       10%        N/A       26%         3
 Teleport Other           Tloc           5%         N/A       26%         3
 Tukima's Dance           Hex            5%         N/A       26%         3
 Vhi's Electric Charge    Tloc/Air       10%        N/A       26%         3
 Summon Ice Beast         Ice/Summ       19%        N/A       28%         4
 Cause Fear               Hex            2%         N/A       65%         4
 Arcjolt                  Conj/Air       2%         1d12      94%         5
 Blade Hands              Tmut           2%         N/A       94%         5
 Lightning Bolt           Conj/Air       2%         1d14      94%         5
 Conjure Ball Lightning   Conj/Air       2%         3x3d6     100%        6
 Discord                  Hex            2%         N/A       100%        8
 Disjunction              Tloc           2%         N/A       100%        8


Dungeon Overview and Level Annotations

Branches:
Dungeon (7/15)
 Temple: D:4-7

Altars:
Makhleb
Okawaru
Sif Muna

Annotations:
D:6 1 runed translucent door, Stonecrops's ghost, novice FoFi


Innate Abilities, Weirdness & Mutations

You cannot wear most types of armour.
You are amphibious.
You can wear up to eight rings at the same time.
Your skin changes colour to match your surroundings (Stealth+).
Your rubbery body absorbs attacks. (AC +1, EV +1)
((You are camouflaged when in or above water. (Stealth+)))
You have tentacles for arms and can constrict up to eight enemies at once.


Message History

Your icy armour and frozen ramparts will break if you move.
Continue?
Your icy armour cracks and falls away as you move.
The frozen ramparts melt away as you move.
Aiming: Charm
Press: ? - help, Shift-Dir - straight line
Aim: Disturbance (steam) Nothing appears to happen.
Something hits you. Something shocks you. The orc hits you with a +0 mace.
As you read the scroll of teleportation, it crumbles to dust.
You feel strangely unstable. Something hits you. Something shocks you.
The orc closely misses you.
The orc is engulfed in a cloud of scalding steam.
The orc dies!
Your surroundings suddenly seem different.
An orc warrior and a centaur come into view.
Found a scroll of identify.
Okay, then.
Okay, then.
The orc warrior shouts!
You hear a shout! x3
A wight comes into view. It is wielding a +0 morningstar.
The orc warrior hits you from afar with a +0 glaive!
* * * LOW HITPOINT WARNING * * *
You hear a shout! x2
As you read the scroll of teleportation, it crumbles to dust.
You feel strangely unstable. The orc warrior completely misses you.
Okay, then.
Found 2 gold pieces.
A sky beast comes into view.
Your surroundings suddenly seem different.
A bullfrog, 2 wraiths, a two-headed ogre, a sky beast and an orc come into view.
Found eight items.
The shadow slips into darkness.
The shadow flickers and vanishes!
As you read the scroll of teleportation, it crumbles to dust.
You feel strangely unstable.
You feel yourself speed up.
A vampire mosquito and a centaur come into view.
Found a heavily runed copper ring and 5 atropa-tipped darts.
The shadow strikes at you from the darkness!
You die...

#.#.#.# #.#.#.
#.#.# ## #.#.
#. #.# #. #z#.
##. #### #. #
#.##})):= ..
##@...))}. ?..
#.F..W....
.##.
#.(..#.#...#Oy
$# #.
#Y.##o#.##c##
#. .. # ####.
## #. #. ##


You could see a two-headed ogre (asleep), a wraith, a vampire mosquito
(dormant), a bullfrog (asleep), a centaur (asleep) and an orc (asleep).

Vanquished Creatures
  A water moccasin (D:5)
  An orc warrior (D:4)
  2 ogres
  A kobold brigand (D:6)
  A scorpion (D:5)
  3 hounds (D:6)
  A gnoll bouda (D:4)
  3 orc priests
  A jelly (D:4)
  2 iguanas
  5 orc wizards
  14 gnolls
  5 adders
  3 ufetubi
  5 worms
  5 dart slugs
  21 orcs
  13 endoplasms
  4 giant cockroaches
  14 goblins
  12 hobgoblins
  A quokka (D:3)
  6 ball pythons
  4 bats
  4 frilled lizards
  21 kobolds
  2 rats
155 creatures vanquished.

Vanquished Creatures (others)
  2 orcs (D:7)
  A plant (D:4)
  4 toadstools (D:1)
7 creatures vanquished.

Grand Total: 162 creatures vanquished

Notes
Turn   | Place    | Note
-------+----------+-------------------------------------------
     0 | D:1      | Johnny the Octopode Ice Elementalist began the quest for
                  | the Orb.
     0 | D:1      | Reached XP level 1. HP: 11/11 MP: 3/3
   181 | D:1      | Reached XP level 2. HP: 8/18 MP: 1/5
   198 | D:1      | Reached skill level 3 in Stealth
   722 | D:1      | Reached skill level 1 in Fighting
   722 | D:1      | Reached XP level 3. HP: 18/23 MP: 6/6
  1276 | D:2      | Identified the +0 pair of boots of Dust Devil {Dex+4}
  1420 | D:2      | Reached XP level 4. HP: 12/28 MP: 5/7
  1503 | D:2      | Identified the +5 dagger of Zoipe {holy, Int+6}
  1726 | D:2      | Learned a level 3 spell: Frozen Ramparts
  1730 | D:2      | Learned a level 3 spell: Ozocubu's Armour
  2225 | D:3      | Reached XP level 5. HP: 26/34 MP: 2/8
  2351 | D:3      | Found a faded altar of an unknown god.
  3106 | D:4      | Noticed an ogre
  3298 | D:4      | Reached skill level 4 in Stealth
  3583 | D:4      | Reached XP level 6. HP: 33/42 MP: 3/10
  3950 | D:4      | Found a shimmering blue altar of Sif Muna.
  3950 | D:4      | Found an iron altar of Okawaru.
  4341 | D:4      | Found the +5 robe of Misfortune {Harm *Corrode *Slow EV+5}
  4351 | D:4      | Reached XP level 7. HP: 47/47 MP: 7/11
  4442 | D:4      | Reached skill level 5 in Stealth
  4442 | D:4      | Reached skill level 5 in Ice Magic
  4889 | D:5      | Entered Level 5 of the Dungeon
  5294 | D:5      | Reached XP level 8. HP: 44/54 MP: 6/13
  5435 | D:5      | Reached skill level 5 in Fighting
  5435 | D:5      | Reached skill level 6 in Stealth
  6040 | D:6      | Found a runed translucent door.
  6040 | D:6      | Noticed Stonecrops's ghost (novice FoFi)
  6543 | D:6      | Found a burning altar of Makhleb.
  6612 | D:7      | Noticed a shadow
  6612 | D:7      | Noticed a wraith
  6612 | D:7      | Noticed a two-headed ogre
  6615 | D:7      | Mangled by a shadow

Illustrated notes

Levels and vault maps discovered:
D:1:      ldierk_water_garden, layout_basic, serial_forest,
          infiniplex_forest_straight_3, infiniplex_forest_lined_2,
          infiniplex_forest_zigzag_1, infiniplex_forest_lined_2,
          infiniplex_forest_lined_corner
D:2:      minmay_chambers_of_ones, layout_loops_ring, serial_park_tiny_1,
          minivault_14
D:3:      layout_loops_ring, shapermc_ecumenical_altar_acropolis
D:4:      corexii_shantytown, layout_basic, gammafunk_temple_overflow_statue
D:5:      layout_gridville
D:6:      layout_loops_ring, makhleb_heckhound_becter,
          hellmonk_ghost_happy_afterlife
D:7:      minmay_the_grid_octo_tiled_octocenter [minmay_the_grid_octo_checkered,
          minmay_the_grid_octo_teeth, minmay_the_grid_octo_odd_swirl,
          minmay_the_grid_octo_shrine,
          minmay_the_grid_octo_prize_ultimate_mussel_roller,
          minmay_the_grid_square_5x5_trominoes, minmay_the_grid_square_5x5_mess,
          minmay_the_grid_square_5x5_shuriken, minmay_the_grid_square_5x5_bite],
          layout_basic, minmay_temple_entry_crystal_x, enter_bailey_5,
          minivault_23

Skill      XL: |  1  2  3  4  5  6  7  8 |
---------------+-------------------------+-----
Stealth        | 3 4 5 6 |  6.4
Fighting       | 1 2 3 4 5 |  5.5
Dodging        | 3 4 |  4.4
Spellcasting   | 3 4 |  4.2
Ice Magic      | 5 |  5.7

Action                   |  1- 3 |  4- 6 |  7- 9 || total
-------------------------+-------+-------+-------++-------
Melee: Unarmed           |    55 |    57 |       ||   112
       Tentacles         |    21 |    14 |    15 ||    50
       Constrict         |    13 |    17 |    15 ||    45
       Dagger            |       |    14 |    56 ||    70
 Cast: Freeze            |    31 |    38 |     3 ||    72
       Frozen Ramparts   |       |    13 |    13 ||    26
       Ozocubu's Armour  |       |     3 |     8 ||    11
Evoke: Wand              |       |     3 |     3 ||     6
  Use: Scroll            |       |     6 |     7 ||    13
       Potion            |       |       |     1 ||     1
 Stab: Sleeping          |     7 |    17 |     6 ||    30
       Distracted        |       |       |     1 ||     1
Armor: Skin              |     4 |    14 |    15 ||    33
Dodge: Dodged            |    34 |    66 |    54 ||   154

Table legend: (Time is in decaauts)
 A = Elapsed time spent in this place.
 B = Non-inter-level travel time spent in this place.
 C = Inter-level travel time spent in this place.
 D = Time resting spent in this place.
 E = Time spent auto-exploring this place.
 F = Levels seen in this place.
 G = Mean time per level.
                   A        B        C        D        E       F      G
               +--------+--------+--------+--------+--------+-----+--------+
         Total |   6613 |   6352 |    261 |    645 |   4646 |   7 |  944.7 |
       Dungeon |   6613 |   6352 |    261 |    645 |   4646 |   7 |  944.7 |
               +--------+--------+--------+--------+--------+-----+--------+

Top non-repeatable levels by time:
     D:4: 1694 daAuts
     D:2: 1129 daAuts
     D:5: 1093 daAuts
     D:1: 1049 daAuts
     D:3: 1014 daAuts
     D:6: 608 daAuts
     D:7: 22 daAuts
